 Dungeon Crawl Stone Soup version 0.22.0-36-g8e74550d25 (webtiles) character file.

226 Loge the Ruffian (level 5, -1/53 HPs)
             Began as a Troll Monk on Aug 24, 2018.
             Killed by nerve-wracking pain
             ... invoked by an orc priest
              (14 damage)
             ... on level 4 of the Dungeon.
             The game lasted 00:05:38 (1994 turns).

Loge the Ruffian (Troll Monk)                       Turns: 1994, Time: 00:05:39

Health: -1/53      AC:  5    Str: 14    XL:     5   Next: 69%
Magic:  4/4        EV: 10    Int:  6    God:
Gold:   142        SH:  0    Dex: 13    Spells: 4/4 levels left

rFire    . . .     SeeInvis .     - Unarmed
rCold    + . .     Gourm    +   (no shield)
rNeg     . . .     Faith    .   a - +0 robe
rPois    .         Spirit   .   (helmet restricted)
rElec    .         Reflect  .   (no cloak)
rCorr    .         Harm     .   (gloves unavailable)
MR       .....                  (boots unavailable)
Stlth    +.........             (no amulet)
HPRegen  0.57/turn              h - ring of protection from cold
MPRegen  0.09/turn              i - -5 ring of strength (curse)

@: heavily drained
A: large, unfitting armour, claws 3, fast metabolism 3, gourmand, regeneration
1, shaggy fur 1, tough skin 2
a: no special abilities


You were on level 4 of the Dungeon.
You were very full.

You visited 1 branch of the dungeon, and saw 4 of its levels.

You collected 142 gold pieces.

Inventory:

Armour
 a - a +0 robe (worn)
Jewellery
 e - a cursed amulet of inaccuracy {unknown}
 h - a ring of protection from cold (left claw)
 i - a cursed -5 ring of strength (right claw)
Scrolls
 d - a scroll of enchant armour {unknown}
 f - a scroll of fog {unknown}
 k - 2 scrolls of blinking {unknown}
 l - 2 scrolls of immolation {unknown}
 m - a scroll of fear {unknown}
 o - a scroll of amnesia
 t - a scroll of identify
 w - a scroll of enchant weapon {unknown}
Potions
 c - 4 potions of heal wounds
 g - 3 potions of berserk rage
 j - 2 potions of degeneration {unknown}
 p - 2 potions of curing {unknown}
 q - a potion of cancellation {unknown}
 r - a potion of flight {unknown}
 s - 2 potions of lignification {unknown}
 u - a potion of brilliance {unknown}
 v - a potion of invisibility {unknown}
Comestibles
 b - 7 rations


   Skills:
 + Level 3.6(2.4) Fighting
 - Level 2.4(1.2) Dodging
 - Level 1.0(0.0) Stealth
 * Level 5.5(4.2) Unarmed Combat


You had 4 spell levels left.
You didn't know any spells.
Your spell library contained the following spells:

 Spells                   Type           Power        Failure   Level  Hunger
 Animate Skeleton         Necr           N/A          45%         1    ##.....
 Apportation              Tloc           #.....       45%         1    ##.....
 Confusing Touch          Hex            #.....       45%         1    ##.....
 Summon Small Mammal      Summ           #...         45%         1    ##.....


Dungeon Overview and Level Annotations

Branches:
Dungeon (4/15)
 Temple: D:4-7

Altars:

Annotations:
D:3 2 runed doors, Leero's ghost, amateur BaWn


Innate Abilities, Weirdness & Mutations

You are too large for most types of armour.
You have claws for hands.
Your metabolism is lightning-fast.
You like to eat raw meat.
Your natural rate of healing is unusually fast.
You are covered in fur. (AC +1)
You have very tough skin. (AC +2)


Message History

The orc hits you with a club. The orc closely misses you.
The orc barely misses you.
The orc wizard mumbles some strange words.
The orc wizard blinks!
You closely miss the orc priest.
The orc priest is moderately wounded.
The orc priest completely misses you.
You barely miss the orc priest.
The orc priest is moderately wounded.
The orc priest hits you with a flail.
The orc hits you from afar with a trident.
The orc priest invokes the aid of Beogh against you.
Beogh smites you!
* * * LOW HITPOINT WARNING * * *
The orc priest calls upon Beogh to heal the orc wizard.
The orc wizard is healed somewhat.
Unknown command.
The orc priest invokes the aid of Beogh against you.
Pain shoots through your body!
You die...

...#.#####........#
...>....##.##.#...#
#..#.##.##.##.#..##
.....# ......#..#
...........####..#
#.#.######.####..#
..#.# ..........#
..... ...#####..#
##.#.) ##@# # ...
#.# . ## #.# # #.#
#o# #.#
####o#######
#..ooo.....#
.##.##.#o###..#


You could see an orc priest, an orc wizard and 3 orcs.

Vanquished Creatures
  A hound (D:4)
  2 orc wizards (D:3)
  An orc priest (D:3)
  A worker ant (D:4)
  4 adders
  2 worms
  3 dart slugs (D:1)
  A leopard gecko (D:2)
  3 orcs
  5 giant cockroaches
  A goblin (D:3)
  4 hobgoblins
  7 bats
  3 frilled lizards
  3 kobolds
  5 rats
46 creatures vanquished.

Notes
Turn   | Place    | Note
-------+----------+-------------------------------------------
     0 | D:1      | Loge the Troll Monk began the quest for the Orb.
     0 | D:1      | Reached XP level 1. HP: 22/22 MP: 0/0
   200 | D:1      | Reached XP level 2. HP: 29/29 MP: 1/1
   801 | D:2      | Reached XP level 3. HP: 35/36 MP: 2/2
   820 | D:2      | Reached skill level 4 in Unarmed Combat
   943 | D:3      | Found a runed door.
   945 | D:3      | Noticed Leero's ghost (amateur BaWn)
   996 | D:3      | Reached XP level 4. HP: 18/45 MP: 3/3
  1309 | D:3      | Found a runed door.
  1355 | D:3      | Reached skill level 5 in Unarmed Combat
  1355 | D:3      | Reached XP level 5. HP: 47/53 MP: 4/4
  1994 | D:4      | Killed from afar by an orc priest

Skill      XL: |  1  2  3  4 |
---------------+-------------+-----
Unarmed Combat | 4 5 |  5.5
Fighting       | 3 |  3.6
Dodging        | |  2.4
Stealth        | |  1.0

Action                   |  1- 3 |  4- 6 || total
-------------------------+-------+-------++-------
Melee: Unarmed           |    84 |    71 ||   155
       Punch             |     2 |     1 ||     3
  Use: Scroll            |       |     3 ||     3
 Stab: Sleeping          |     1 |     2 ||     3
  Eat: Chunk             |    14 |     9 ||    23
Armor: Robe              |    41 |    12 ||    53
Dodge: Dodged            |    55 |    26 ||    81
